| TOP OF THE 1ST |
|
Durham Bulls batting - Pitching for Scranton WB RailRiders : RHP Erik Sever
|
|
Pitching: RHP Erik Sever
|
|
|
Batting: RHB John Ham
|
0-0: Swinging Strike 0-1: Called Strike 0-2: Foul Ball, location: 2F 0-2: Foul Ball, location: 2F 0-2: Ball 1-2: Strikes out looking
|
|
Batting: SHB Ben Pierce
|
0-0: Ball 1-0: Foul Ball, location: 2F 1-1: Ball 2-1: Foul Ball, location: 2F 2-2: Ball 3-2: Foul Ball, location: 2F 3-2: Strikes out swinging
|
|
Batting: RHB Amari Benton
|
0-0: Ball 1-0: Foul Ball, location: 2F 1-1: SINGLE (Line Drive, 34D, EV 105.0 MPH)
|
|
Batting: LHB Jimmy Buscemi
|
0-0: Ball 1-0: Called Strike 1-1: Ball 2-1: Ball 3-1: Swinging Strike 3-2: Strikes out swinging
|
| Top of the 1st over - 0 runs, 1 hit, 0 errors, 1 left on base; Durham 0 - Scranton WB 0 |
| BOTTOM OF THE 1ST |
|
Scranton WB RailRiders batting - Pitching for Durham Bulls : RHP Jon Killen
|
|
Pitching: RHP Jon Killen
|
|
|
Batting: RHB Neal Tinoco
|
0-0: Bunt missed! 0-1: Ground out 6-3 (Groundball, 6, EV 82.5 MPH)
|
|
Batting: LHB Kazuyoshi Nakamura
|
0-0: Swinging Strike 0-1: Ground out 5-3 (Groundball, 5L, EV 89.4 MPH)
|
|
Batting: RHB Sean Neuroth
|
0-0: Ball 1-0: Swinging Strike 1-1: Swinging Strike 1-2: Ball 2-2: Strikes out swinging
|
| Bottom of the 1st over - 0 runs, 0 hits, 0 errors, 0 left on base; Durham 0 - Scranton WB 0 |
| TOP OF THE 2ND |
|
Durham Bulls batting - Pitching for Scranton WB RailRiders : RHP Erik Sever
|
|
Batting: RHB Nick Sharp
|
0-0: Called Strike 0-1: Ball 1-1: Ball 2-1: Fly out, F8 (Line Drive, 8LM, EV 86.3 MPH)
|
|
Batting: LHB Angel Ruvalcaba
|
0-0: Ball 1-0: Called Strike 1-1: Called Strike 1-2: TRIPLE (Line Drive, 89XD, EV 103.8 MPH)
|
|
Batting: RHB Shinji Aizawa
|
0-0: Fly out, F8 (Line Drive, 8RD, EV 97.5 MPH)
|
|
Batting: RHB Jose Herrera
|
0-0: Called Strike 0-1: Called Strike 0-2: Strikes out looking
|
| Top of the 2nd over - 0 runs, 1 hit, 0 errors, 1 left on base; Durham 0 - Scranton WB 0 |
| BOTTOM OF THE 2ND |
|
Scranton WB RailRiders batting - Pitching for Durham Bulls : RHP Jon Killen
|
|
Batting: SHB Cristiano Serrão
|
0-0: Ball 1-0: Ball 2-0: Called Strike 2-1: Swinging Strike 2-2: Ball 3-2: Strikes out swinging
|
|
Batting: RHB Jarrod Joyce
|
0-0: Ball 1-0: Called Strike 1-1: Ball 2-1: Called Strike 2-2: Fly out, F9 (Flyball, 89M, EV 88.8 MPH)
|
|
Batting: RHB Jeremy Boerman
|
0-0: Called Strike 0-1: Swinging Strike 0-2: Ball 1-2: Strikes out swinging
|
| Bottom of the 2nd over - 0 runs, 0 hits, 0 errors, 0 left on base; Durham 0 - Scranton WB 0 |
| TOP OF THE 3RD |
|
Durham Bulls batting - Pitching for Scranton WB RailRiders : RHP Erik Sever
|
|
Batting: RHB Dusty Camelli
|
0-0: Called Strike 0-1: Called Strike 0-2: Foul Ball, location: 2F 0-2: Foul Ball, location: 2F 0-2: Ball 1-2: Strikes out swinging
|
|
Batting: RHB John Ham
|
0-0: Ball 1-0: Ball 2-0: Ball 3-0: Called Strike 3-1: Called Strike 3-2: Strikes out swinging
|
|
Batting: SHB Ben Pierce
|
0-0: Ball 1-0: Ball 2-0: Ball 3-0: Called Strike 3-1: Called Strike 3-2: Ground out 6-3 (Groundball, 6, EV 107.5 MPH)
|
| Top of the 3rd over - 0 runs, 0 hits, 0 errors, 0 left on base; Durham 0 - Scranton WB 0 |
| BOTTOM OF THE 3RD |
|
Scranton WB RailRiders batting - Pitching for Durham Bulls : RHP Jon Killen
|
|
Batting: RHB Pat Bernier
|
0-0: Ball 1-0: Fly out, F8 (Line Drive, 8LD, EV 105.0 MPH)
|
|
Batting: LHB Justin Covington
|
0-0: SINGLE (Groundball, 6S, EV 70.0 MPH) (infield hit)
|
|
Batting: RHB Russ Shambaugh
|
0-0: Called Strike 0-1: Ball 1-1: Ball 2-1: Called Strike 2-2: Strikes out swinging
|
|
Batting: RHB Neal Tinoco
|
0-0: Ball 1-0: Swinging Strike 1-1: Called Strike Justin Covington steals 2nd base 1-2: Strikes out swinging
|
| Bottom of the 3rd over - 0 runs, 1 hit, 0 errors, 1 left on base; Durham 0 - Scranton WB 0 |
| TOP OF THE 4TH |
|
Durham Bulls batting - Pitching for Scranton WB RailRiders : RHP Erik Sever
|
|
Batting: RHB Amari Benton
|
0-0: Foul Ball, location: 2F 0-1: Ball 1-1: Foul Ball, location: 2F 1-2: Ball 2-2: Foul Ball, location: 2F 2-2: Fly out, F9 (Flyball, 9LM, EV 91.3 MPH)
|
|
Batting: LHB Jimmy Buscemi
|
0-0: Called Strike 0-1: Ball 1-1: Ball 2-1: Ball 3-1: Called Strike 3-2: SINGLE (Groundball, 6MD, EV 100.6 MPH)
|
|
Batting: RHB Nick Sharp
|
0-0: Foul Ball, location: 2F 0-1: Ball 1-1: Swinging Strike 1-2: Ball 2-2: Ball 3-2: Strikes out looking
|
|
Batting: LHB Angel Ruvalcaba
|
0-0: Ball 1-0: Ball 2-0: Called Strike 2-1: Foul Ball, location: 2F 2-2: Ball Wild Pitch! Jimmy Buscemi to second 3-2: Strikes out swinging
|
| Top of the 4th over - 0 runs, 1 hit, 0 errors, 1 left on base; Durham 0 - Scranton WB 0 |
| BOTTOM OF THE 4TH |
|
Scranton WB RailRiders batting - Pitching for Durham Bulls : RHP Jon Killen
|
|
Batting: LHB Kazuyoshi Nakamura
|
0-0: Ball 1-0: Called Strike 1-1: Called Strike 1-2: Ground out U3 (Groundball, 34S, EV 66.3 MPH)
|
|
Batting: RHB Sean Neuroth
|
0-0: Ball 1-0: Foul Ball, location: 2F 1-1: Called Strike 1-2: Foul Ball, location: 2F 1-2: Foul Ball, location: 2F 1-2: Ball 2-2: Ground out 5-3 (Groundball, 25, EV 85.0 MPH)
|
|
Batting: SHB Cristiano Serrão
|
0-0: Fly out, F8 (Flyball, 8RD, EV 83.8 MPH)
|
| Bottom of the 4th over - 0 runs, 0 hits, 0 errors, 0 left on base; Durham 0 - Scranton WB 0 |
| TOP OF THE 5TH |
|
Durham Bulls batting - Pitching for Scranton WB RailRiders : RHP Erik Sever
|
|
Batting: RHB Shinji Aizawa
|
0-0: SINGLE (Groundball, 56, EV 96.3 MPH)
|
|
Batting: RHB Jose Herrera
|
0-0: Ball 1-0: Ball 2-0: Called Strike 2-1: Ground out 5-3 (Groundball, 56, EV 76.3 MPH) Shinji Aizawa to second
|
|
Batting: RHB Dusty Camelli
|
0-0: Called Strike 0-1: Called Strike 0-2: Fly out, F4 (Flyball, 34D, EV 85.0 MPH)
|
|
Batting: RHB John Ham
|
0-0: Ball 1-0: Called Strike 1-1: Called Strike 1-2: Ball 2-2: Ball 3-2: Base on Balls
|
|
Batting: SHB Ben Pierce
|
0-0: Ball 1-0: Ball 2-0: Fielders Choice at 2nd, 6-4 (Groundball, 56, EV 88.1 MPH)
|
| Top of the 5th over - 0 runs, 1 hit, 0 errors, 2 left on base; Durham 0 - Scranton WB 0 |
| BOTTOM OF THE 5TH |
|
Scranton WB RailRiders batting - Pitching for Durham Bulls : RHP Jon Killen
|
|
Batting: RHB Jarrod Joyce
|
0-0: Called Strike 0-1: DOUBLE (Line Drive, 9LS, EV 95.6 MPH)
|
|
Batting: RHB Jeremy Boerman
|
0-0: Ball 1-0: Called Strike 1-1: Called Strike 1-2: Ball 2-2: Foul Ball, location: 2F 2-2: Fly out, F7 (Flyball, 7, EV 89.4 MPH)
|
|
Batting: RHB Pat Bernier
|
0-0: Foul Ball, location: 2F 0-1: Ball 1-1: Foul Ball, location: 2F 1-2: Ground out U3 (Groundball, 3L, EV 88.1 MPH) Jarrod Joyce to third
|
|
Batting: LHB Justin Covington
|
0-0: Ball 1-0: Called Strike 1-1: Foul Ball, location: 2F 1-2: Ball 2-2: Ball 3-2: Foul Ball, location: 2F 3-2: Foul Ball, location: 2F 3-2: Ground out 4-3 (Groundball, 4S, EV 85.0 MPH)
|
| Bottom of the 5th over - 0 runs, 1 hit, 0 errors, 1 left on base; Durham 0 - Scranton WB 0 |
| TOP OF THE 6TH |
|
Durham Bulls batting - Pitching for Scranton WB RailRiders : RHP Erik Sever
|
|
Batting: RHB Amari Benton
|
0-0: Called Strike 0-1: Ball 1-1: Fly out, F7 (Line Drive, 7, EV 89.4 MPH)
|
|
Batting: LHB Jimmy Buscemi
|
0-0: Called Strike 0-1: Called Strike 0-2: Foul Ball, location: 2F 0-2: Ball 1-2: Ball 2-2: Ball 3-2: Base on Balls
|
|
Pitching: RHP Gary Caldwell
|
|
|
Batting: RHB Nick Sharp
|
0-0: Foul Ball, location: 2F 0-1: Ball 1-1: SINGLE (Groundball, 5D, EV 106.3 MPH) Jimmy Buscemi to second
|
|
Batting: LHB Angel Ruvalcaba
|
0-0: Swinging Strike 0-1: Foul Ball, location: 2F 0-2: Foul Ball, location: 2F 0-2: Foul Ball, location: 2F 0-2: Foul Ball, location: 2F 0-2: Foul Ball, location: 2F 0-2: Strikes out swinging
|
|
Batting: RHB Shinji Aizawa
|
0-0: Ball 1-0: Ball 2-0: Fly out, F8 (Line Drive, 8RM, EV 105.0 MPH)
|
| Top of the 6th over - 0 runs, 1 hit, 0 errors, 2 left on base; Durham 0 - Scranton WB 0 |
| BOTTOM OF THE 6TH |
|
Scranton WB RailRiders batting - Pitching for Durham Bulls : RHP Jon Killen
|
|
Batting: RHB Russ Shambaugh
|
0-0: Called Strike 0-1: Ball 1-1: Ground out 2-3 (Groundball, 2L, EV 64.4 MPH)
|
|
Batting: RHB Neal Tinoco
|
0-0: Ball 1-0: Ball 2-0: Called Strike 2-1: Ball 3-1: Called Strike 3-2: Ground out 4-3 (Groundball, 4, EV 79.4 MPH)
|
|
Batting: LHB Kazuyoshi Nakamura
|
0-0: Ball 1-0: Foul Ball, location: 2F 1-1: Ball 2-1: Foul Ball, location: 2F 2-2: Ball 3-2: Ground out 4-3 (Groundball, 4M, EV 90.0 MPH)
|
| Bottom of the 6th over - 0 runs, 0 hits, 0 errors, 0 left on base; Durham 0 - Scranton WB 0 |
| TOP OF THE 7TH |
|
Durham Bulls batting - Pitching for Scranton WB RailRiders : RHP Gary Caldwell
|
|
Batting: RHB Jose Herrera
|
0-0: Foul Ball, location: 2F 0-1: Fly out, F9 (Flyball, 89D, EV 100.6 MPH)
|
|
Batting: RHB Dusty Camelli
|
0-0: Called Strike 0-1: Ball 1-1: Ball 2-1: Ball 3-1: Base on Balls
|
|
Batting: RHB John Ham
|
0-0: Ball 1-0: Called Strike 1-1: SINGLE (Flyball, 8LS, EV 95.0 MPH) Dusty Camelli to second
|
|
Batting: SHB Ben Pierce
|
0-0: Ball 1-0: Called Strike 1-1: Called Strike 1-2: Fielders Choice at 2nd, 6-4 (Groundball, 6, EV 81.3 MPH) Dusty Camelli to third
|
|
Batting: RHB Amari Benton
|
0-0: Ball 1-0: Ball 2-0: Called Strike 2-1: Fly out, F8 (Flyball, 8RXD, EV 78.1 MPH)
|
| Top of the 7th over - 0 runs, 1 hit, 0 errors, 2 left on base; Durham 0 - Scranton WB 0 |
| BOTTOM OF THE 7TH |
|
Scranton WB RailRiders batting - Pitching for Durham Bulls : RHP Jon Killen
|
|
Batting: RHB Sean Neuroth
|
0-0: Ball 1-0: Ball 2-0: Ball 3-0: Called Strike 3-1: Base on Balls
|
|
Batting: SHB Cristiano Serrão
|
0-0: Ball 1-0: Ball 2-0: Ball Passed Ball! Sean Neuroth to second 3-0: Called Strike 3-1: SINGLE (Groundball, 6M, EV 94.4 MPH) Sean Neuroth to third
|
|
Batting: RHB Jarrod Joyce
|
0-0: Fly out, F9 (Flyball, 9S, EV 86.9 MPH)
|
|
Batting: RHB Jeremy Boerman
|
0-0: Called Strike 0-1: Ball 1-1: Ball 2-1: Swinging Strike 2-2: Ball 3-2: Grounds into double play, 6-4-3 (Groundball, 6, EV 92.5 MPH)
|
| Bottom of the 7th over - 0 runs, 1 hit, 0 errors, 1 left on base; Durham 0 - Scranton WB 0 |
| TOP OF THE 8TH |
|
Durham Bulls batting - Pitching for Scranton WB RailRiders : RHP Gary Caldwell
|
|
Pitching: RHP Mike Amos
|
|
|
Batting: LHB Jimmy Buscemi
|
0-0: Ball 1-0: Ball 2-0: Ball 3-0: Base on Balls
|
|
Batting: RHB Nick Sharp
|
0-0: Foul Ball, location: 2F 0-1: Swinging Strike 0-2: Foul Ball, location: 2F 0-2: Strikes out swinging
|
|
Batting: LHB Angel Ruvalcaba
|
0-0: Ball 1-0: SINGLE (Groundball, 3D, EV 96.9 MPH) Jimmy Buscemi to second Runner from 2nd tries for 3rd, SAFE, throw by RF made at trailing runner, OUT! 9-6
|
|
Pinch Hitting: LHB Robin More
|
0-0: Foul Ball, location: 2F 0-1: Swinging Strike 0-2: Strikes out swinging
|
| Top of the 8th over - 0 runs, 1 hit, 0 errors, 1 left on base; Durham 0 - Scranton WB 0 |
| BOTTOM OF THE 8TH |
|
Scranton WB RailRiders batting - Pitching for Durham Bulls : RHP Jon Killen
|
|
Pitching: RHP Jim Averette
|
|
|
Now at 2B: Giuliano Giacoletti
|
|
|
Now at 3B: Jose Herrera
|
|
|
Batting: RHB Pat Bernier
|
0-0: Called Strike 0-1: Foul Ball, location: 2F 0-2: Foul Ball, location: 2F 0-2: Fly out, F5 (Line Drive, 56, EV 90.0 MPH)
|
|
Batting: LHB Justin Covington
|
0-0: Ball 1-0: Ball 2-0: Ball 3-0: Called Strike 3-1: Base on Balls
|
|
Batting: RHB Russ Shambaugh
|
0-0: Ball 1-0: Ball 2-0: Ground out 5-3 (Groundball, 56S, EV 80.0 MPH) Justin Covington to second
|
|
Batting: RHB Neal Tinoco
|
0-0: Swinging Strike 0-1: Ball 1-1: Ball 2-1: Ball 3-1: Base on Balls
|
|
Batting: LHB Kazuyoshi Nakamura
|
0-0: Called Strike 0-1: Called Strike 0-2: Ball 1-2: Ball 2-2: Ball Wild Pitch! Justin Covington to third Neal Tinoco to second 3-2: Foul Ball, location: 2F 3-2: Fly out, F8 (Line Drive, 8RD, EV 91.9 MPH)
|
| Bottom of the 8th over - 0 runs, 0 hits, 0 errors, 2 left on base; Durham 0 - Scranton WB 0 |
| TOP OF THE 9TH |
|
Durham Bulls batting - Pitching for Scranton WB RailRiders : RHP Mike Amos
|
|
Batting: RHB Jose Herrera
|
0-0: Ball 1-0: Called Strike 1-1: SINGLE (Flyball, 6D, EV 86.9 MPH)
|
|
Batting: RHB Dusty Camelli
|
0-0: Ball 1-0: Called Strike 1-1: Ball 2-1: SINGLE (Line Drive, 4MD, EV 105.0 MPH) Jose Herrera to second
|
|
Batting: RHB John Ham
|
0-0: Fly out, F8 (Flyball, 78XD, EV 112.5 MPH) Runner from 2nd tags up, SAFE at 3rd, no throw by CF
|
|
Batting: SHB Ben Pierce
|
0-0: Ball 1-0: Fly out, F9 (Flyball, 89D, EV 102.5 MPH) Runner from 3rd tags up, SCORES, throw by RF
|
|
Batting: RHB Amari Benton
|
0-0: Ball 1-0: SINGLE (Flyball, 78S, EV 96.3 MPH) Dusty Camelli to second
|
|
Batting: LHB Jimmy Buscemi
|
0-0: Ball 1-0: Called Strike 1-1: Foul Ball, location: 2F 1-2: Strikes out swinging
|
| Top of the 9th over - 1 run, 3 hits, 0 errors, 2 left on base; Durham 1 - Scranton WB 0 |
| BOTTOM OF THE 9TH |
|
Scranton WB RailRiders batting - Pitching for Durham Bulls : RHP Jim Averette
|
|
Pitching: RHP Bill Alicea
|
|
|
Now in LF: Kevin Kush
|
|
|
Batting: RHB Sean Neuroth
|
0-0: Called Strike 0-1: Foul Ball, location: 2F 0-2: Foul Ball, location: 2F 0-2: Strikes out swinging
|
|
Batting: SHB Cristiano Serrão
|
0-0: Called Strike 0-1: Swinging Strike 0-2: Ball 1-2: Foul Ball, location: 2F 1-2: Strikes out looking
|
|
Batting: RHB Jarrod Joyce
|
0-0: Ball 1-0: Swinging Strike 1-1: Ground out 6-3 (Groundball, 6MD, EV 83.1 MPH)
|
| Bottom of the 9th over - 0 runs, 0 hits, 0 errors, 0 left on base; Durham 1 - Scranton WB 0 |
|